 Dungeon Crawl Stone Soup version 0.25-a0-651-g8c222c7a2b (console) character file.

Game seed: 2180582377873316584, levelgen mode: classic

709229 Duffy the Blinker (level 27, -2/372 HPs)
             Began as a Naga Fighter on Mar 19, 2020.
             Was the Champion of Cheibriados.
             Slain by an ushabti (4 damage)
             ... on level 6 of a ziggurat on Mar 22, 2020.
             The game lasted 01:43:44 (72085 turns).

Duffy the Blinker (Naga Fighter)                   Turns: 72085, Time: 01:43:44

Health: -2/372     AC: 41    Str: 34    XL:     27
Magic:  45/47      EV:  1    Int: 34    God:    Cheibriados [******]
Gold:   3363       SH: 32    Dex: 26    Spells: 31/66 levels left

rFire    + + .     SeeInvis +   a - +9 broad axe (elec)
rCold    . . .     Gourm    .   N - +8 tower shield {reflect}
rNeg     + + +     Faith    .   (armour currently unavailable)
rPois    +         Spirit   .   (helmet currently unavailable)
rElec    .         Reflect  +   (cloak currently unavailable)
rCorr    +         Harm     .   (gloves currently unavailable)
MR       +++++     NoTele   +   (no barding)
Stlth    ..........             v - amulet of Immorality {rN+ Regen+}
HPRegen  0.00/turn              Z - ring of Robustness {AC+8}
MPRegen  0.30/turn              H - ring of Erchufy {rF++ MR++ rCorr Stlth-}

@: brilliant, lethally poisoned (-2 -> -85), tree-form (expiring), silence,
non-regenerating, badly diseased, slowed, very slow
A: large, see invisible, deterioration 1, slow metabolism 1, spit poison 1, weak
1, subdued magic 3, AC +9
}: 4/15 runes: decaying, slimy, silver, gossamer
a: Spit Poison, Renounce Religion


You were on level 6 of a ziggurat.
You worshipped Cheibriados.
Cheibriados was exalted by your worship.
You were completely stuffed.
You were a tree.
You visited 11 branches of the dungeon, and saw 57 of its levels.
You visited 1 ziggurat, and saw 6 of its levels.
You also visited: Gauntlet and Desolation.

You collected 12580 gold pieces.
You spent 9217 gold pieces at shops.

Inventory:

Hand Weapons
 a - a +9 broad axe of electrocution (weapon)
 b - the +18 lance "Wyrmbane" {slay drac, rPois rF+ rC+ AC+3}
   (You found it in the Desolation of Salt)

   It affects your AC (+3).
   It protects you from fire.
   It protects you from cold.
   It protects you from poison.
Missiles
 e - 15 silver javelins (quivered)
 o - 8 throwing nets
Armour
 s - the +6 ice dragon scales "Pisod" (melded) {+Blink rF- rC++}
   (You bought it in a shop on level 9 of the Dungeon)

   It makes you vulnerable to fire.
   It greatly protects you from cold.
   It lets you blink.
 w - a +0 naga barding (melded)
 y - the +1 hat "Berosm" (melded) {MR+ Str+4}
   (You found it on level 2 of the Depths)

   It affects your strength (+4).
   It affects your resistance to hostile enchantments.
 A - a +2 pair of gloves of dexterity (melded)
 E - a +0 cloak of invisibility (melded)
 N - a +8 tower shield of reflection (worn)
Jewellery
 c - the ring of Zashupn {Fire rElec rPois Dex-5}
   (You took it off a deep elf mage on level 3 of the Elven Halls)

   [ring of fire]

   It enhances your fire magic.
   It affects your dexterity (-5).
   It protects you from fire.
   It makes you vulnerable to cold.
   It insulates you from electricity.
   It protects you from poison.
 v - the amulet of Immorality (around neck) {rN+ Regen+}
   (You found it on level 3 of the Crypt)

   [amulet of regeneration]

   It protects you from negative energy.
   It increases your rate of regeneration.
 D - the ring of Qazlal's Esteem {rF+ rN+ Int+6}
   (You took it off a skeletal warrior on level 3 of the Crypt)

   [ring of positive energy]

   It affects your intelligence (+6).
   It protects you from fire.
   It protects you from negative energy.
 H - the ring of Erchufy (right branch) {rF++ MR++ rCorr Stlth-}
   (You bought it in a shop on level 9 of the Dungeon)

   [ring of resist corrosion]

   It greatly protects you from fire.
   It affects your resistance to hostile enchantments.
   It provides partial protection from all sources of acid and corrosion.
   It makes you less stealthy.
 R - the ring of Midsummer {rC+ MP+9 Int+3 SInv}
   (You found it in a Gauntlet)

   [ring of magical power]

   It affects your intelligence (+3).
   It protects you from cold.
   It affects your magic capacity (+9).
   It lets you see invisible.
 Z - the ring of Robustness (left branch) {AC+8}
   (You found it on level 5 of the Pits of Slime)

   [ring of protection]

   It affects your AC (+8).
Wands
 g - a wand of acid (40)
 B - a wand of digging (6)
 G - a wand of paralysis (58)
 S - a wand of clouds (12)
 T - a wand of iceblast (15)
Scrolls
 i - 14 scrolls of fog
 n - 12 scrolls of blinking
 q - 27 scrolls of remove curse
 t - 3 scrolls of immolation
 u - a scroll of enchant weapon
 x - a scroll of magic mapping
 C - 28 scrolls of teleportation
 I - 6 scrolls of summoning
 Q - a scroll of silence
 X - 23 scrolls of identify
Potions
 d - 13 potions of might
 h - 9 potions of heal wounds
 j - 9 potions of flight
 k - 12 potions of ambrosia
 l - 23 potions of curing
 m - 3 potions of lignification
 r - 7 potions of magic
 z - 11 potions of brilliance
 F - 8 potions of cancellation
 J - 6 potions of resistance
 K - a potion of mutation
 M - 6 potions of invisibility
Comestibles
 f - 80 rations


   Skills:
 - Level 15.0 Fighting
 - Level 18.0 Axes
 - Level 15.0 Armour
 - Level 15.0 Dodging
 - Level 15.0 Shields
 - Level 20.0 Spellcasting
 - Level 8.0 Charms
 - Level 20.0 Translocations
 - Level 8.0 Air Magic
 + Level 17.2 Earth Magic
 - Level 14.0 Invocations
 - Level 10.0 Evocations


You had 31 spell levels left.
You knew the following spells:

 Your Spells              Type           Power        Failure   Level  Hunger
c - Controlled Blink      Tloc           N/A          1%          8    None
h - Apportation           Tloc           ######       0%          1    None
j - Lesser Beckoning      Tloc           #######...   0%          3    None
k - Shatter               Erth           #######...   50%         9    None
m - Deflect Missiles      Chrm/Air       ######....   2%          6    None
p - Passwall              Tmut/Erth      ######..     0%          2    None
t - Summon Butterflies    Summ           ####....     1%          1    None
S - Silence               Hex/Air        #####.....   1%          5    None

Your spell library contained the following spells:

 Spells                   Type           Power        Failure   Level  Hunger
 Infusion                 Chrm           ####         0%          1    None
 Sandblast                Erth           ######       0%          1    None
 Shroud of Golubria       Chrm/Tloc      ######       0%          2    None
 Song of Slaying          Chrm           ######..     0%          2    None
 Swiftness                Chrm/Air       ######..     0%          2    None
 Gell's Gravitas          Tloc           #######...   0%          3    None
 Portal Projectile        Hex/Tloc       ######       0%          3    None
 Recall                   Summ/Tloc      N/A          0%          3    None
 Stone Arrow              Conj/Erth      ######       0%          3    None
 Lee's Rapid Deconstruct  Erth           #######...   0%          5    None
 Dispersal                Tloc           #######...   0%          6    None
 Animate Skeleton         Necr           N/A          1%          1    None
 Beastly Appendage        Tmut           ####..       1%          1    None
 Corona                   Hex            ####...      1%          1    None
 Foxfire                  Conj/Fire      ####         1%          1    None
 Pain                     Necr           ####         1%          1    None
 Shock                    Conj/Air       ####         1%          1    None
 Sting                    Tmut/Pois      ####         1%          1    None
 Summon Small Mammal      Summ           ####         1%          1    None
 Call Imp                 Summ           ####....     1%          2    None
 Corpse Rot               Necr/Air       N/A          1%          2    None
 Ensorcelled Hibernation  Hex/Ice        ####..       1%          2    None
 Poisonous Vapours        Pois/Air       #####.       1%          2    None
 Sticks to Snakes         Tmut           ####....     1%          2    None
 Call Canine Familiar     Summ           ####....     1%          3    None
 Confusing Touch          Hex            ####....     1%          3    None
 Conjure Flame            Conj/Fire      ####....     1%          3    None
 Dazzling Flash           Conj/Hex       ####..       1%          3    None
 Frozen Ramparts          Ice            ####..       1%          3    None
 Ignite Poison            Fire/Tmut/Pois ####....     1%          3    None
 Inner Flame              Hex/Fire       ####....     1%          3    None
 Mephitic Cloud           Conj/Pois/Air  #####...     1%          3    None
 Ozocubu's Armour         Chrm/Ice       #####...     1%          3    None
 Spectral Weapon          Hex/Chrm       #####...     1%          3    None
 Spider Form              Tmut/Pois      ####......   1%          3    None
 Static Discharge         Conj/Air       #####...     1%          3    None
 Summon Guardian Golem    Hex/Summ       ####....     1%          3    None
 Tukima's Dance           Hex            ####....     1%          3    None
 Vampiric Draining        Necr           ####......   1%          3    None
 Airstrike                Air            ######....   1%          4    None
 Leda's Liquefaction      Hex/Erth       ######....   1%          4    None
 Petrify                  Tmut/Erth      ######..     1%          4    None
 Summon Lightning Spire   Summ/Air       #####...     1%          4    None
 Bolt of Magma            Conj/Fire/Erth ######....   1%          5    None
 Borgnjor's Vile Clutch   Necr/Erth      ######....   1%          5    None
 Iskenderun's Battlesphe  Conj/Chrm      #####...     1%          5    None
 Lightning Bolt           Conj/Air       #####.....   1%          5    None
 Summon Forest            Summ/Tloc      ######....   1%          5    None
 Iron Shot                Conj/Erth      ######....   1%          6    None
 Statue Form              Tmut/Erth      ######...    1%          6    None
 Disjunction              Tloc           #######...   1%          8    None
 Animate Dead             Necr           N/A          4%          4    None
 Cause Fear               Hex            ####......   4%          4    None
 Ice Form                 Ice/Tmut       ####....     4%          4    None
 Olgreb's Toxic Radiance  Pois           ####....     4%          4    None
 Sticky Flame             Conj/Fire      ####....     4%          4    None
 Summon Ice Beast         Ice/Summ       ####....     4%          4    None
 Malign Gateway           Summ/Tloc      ######....   7%          7    None
 Agony                    Necr           ####....     16%         5    None
 Alistair's Intoxication  Tmut/Pois      ####....     16%         5    None
 Aura of Abjuration       Summ           ####......   16%         5    None
 Blade Hands              Tmut           ####......   16%         5    None
 Fireball                 Conj/Fire      ####......   16%         5    None
 Irradiate                Conj/Tmut      ####......   16%         5    None
 Metabolic Englaciation   Hex/Ice        ####......   16%         5    None
 Summon Mana Viper        Hex/Summ       ####....     16%         5    None
 Yara's Violent Unravell  Hex/Tmut       ####......   16%         5    None
 Conjure Ball Lightning   Conj/Air       #####.....   17%         6    None
 Freezing Cloud           Conj/Ice/Air   #####.....   32%         6    None
 Darkness                 Hex            ####......   71%         6    None
 Death Channel            Necr           ####......   71%         6    None
 Eringya's Noxious Bog    Tmut/Pois      ####......   71%         6    None
 Hydra Form               Tmut           ####......   71%         6    None
 Invisibility             Hex            ####....     71%         6    None
 Ozocubu's Refrigeration  Ice            ####......   71%         6    None
 Shadow Creatures         Summ           N/A          71%         6    None
 Simulacrum               Ice/Necr       ####......   71%         6    None
 Ring of Flames           Chrm/Fire      #####.....   73%         7    None
 Dragon Form              Tmut           ####......   100%        7    None
 Monstrous Menagerie      Summ           ####......   100%        7    None
 Orb of Destruction       Conj           ####......   100%        7    None
 Spellforged Servitor     Conj/Summ      ####......   100%        7    None
 Summon Greater Demon     Summ           ####......   100%        7    None
 Summon Hydra             Summ           ####......   100%        7    None
 Discord                  Hex            ####......   100%        8    None
 Summon Horrible Things   Summ           ####......   100%        8    None
 Dragon's Call            Summ           ####......   100%        9    None
 Tornado                  Air            ######....   100%        9    None


Dungeon Overview and Level Annotations

Branches:
Dungeon (15/15)            Temple (0/1) D:6            Lair (6/6) D:9
  Swamp (4/4) Lair:3       Spider (4/4) Lair:4        Slime (5/5) Lair:5
    Orc (2/2) D:12            Elf (3/3) Orc:2        Vaults (5/5) D:14
  Crypt (3/3) Vaults:3       Tomb (0/3) Crypt:3      Depths (5/5) D:15
    Zot (5/5) Depths:5    Desolation (visited)      Gauntlet (visited)

Altars:
Ashenzari
Cheibriados
Elyvilon
Fedhas
Kikubaaqudgha
Makhleb
Qazlal
Ru
Sif Muna
Trog
Vehumet
Wu Jian
Xom
Yredelemnul
Beogh
Jiyva

Shops:
D:5 =   D:6 (   D:9 =[**%   Orc:1 ?   Orc:2 (!::   Elf:2 [   Vaults:4 }
Depths:3 }==?

Portals:
Hell: Depths:1 Depths:2 Depths:3 Depths:4 Depths:5
Abyss: Depths:2 Depths:4 Depths:5
Pandemonium: Depths:1 Depths:3

Annotations:
Depths:1 exclusion: downstairs
Zot:5 1 exclusion


Innate Abilities, Weirdness & Mutations

You cannot wear boots.
((Your serpentine skin is tough. (AC +9)))
You have supernaturally acute eyesight. (SInv)
((Armour fits poorly on your strangely shaped body.))
((Your system is resistant to poisons. (rPois)))
((You cover ground very slowly.))
You have a slow metabolism.
You can spit poison.
((You can use your snake-like lower body to constrict enemies.))
Your body sometimes deteriorates upon taking damage.
You are weak. (Str -2)
Your spells are much easier to cast, but much less powerful.


Message History

The necrophage hits you but does no damage.
The jiangshi claws you. The jiangshi claws you! You block the wight's attack.
The guardian mummy hits you but does no damage.
The ushabti gestures slowly at you.
You are unaffected.
The greater mummy barely misses you.
The greater mummy hits you but does no damage.
The fire giant skeleton hits you but does no damage.
You feel much better.
You are engulfed in dark miasma.
You are more poisoned.
You feel very sick.
The jiangshi claws you but does no damage.
You block the jiangshi's attack. You block the necrophage's attack.
You block the jiangshi's attack.
The jiangshi claws you but does no damage.
The wight hits you but does no damage. The greater mummy hits you!
The greater mummy hits you but does no damage.
The guardian mummy hits you.
The jiangshi claws you but does no damage.
The jiangshi claws you. You block the necrophage's attack.
The ushabti hits you.
You die...

###########
##.........##
#...........##
$......z.....##
!}....VM8.....##
?(....n7M....\.#
??....zZM.....##
.....0.......##
#...0.......##
##.0.......##
###########


You could see 2 greater mummies, a jiangshi, a guardian mummy, an ushabti, a
necrophage, 2 wights and a fire giant skeleton.

Vanquished Creatures
  the Royal Jelly (Slime:5)
  The ghost of Acwon the Wrestler, a legendary TrMo of Okawaru (Depths:2)
  Mara (Swamp:3)
  A juggernaut (Depths:3)
  The ghost of Licye the Cloud Mage, a legendary MfTm of Cheibriados (Zot:1)
  3 ancient liches (Crypt:3)
  Saint Roka (Elf:3)
  Margery (Depths:3)
  A Killer Klown (Zig:1)
  Boris (Vaults:5)
  6 caustic shrikes
  Nikola (Elf:3)
  A profane servitor (Zig:5)
  Jory (Crypt:3)
  4 golden dragons
  2 bone dragons (Crypt:3)
  24 tentacled monstrosities
  A hellephant (Depths:4)
  An electric golem (Zot:4)
  7 liches
  The ghost of Viusuagh the Fencer, an adept MiSk of Cheibriados (Vaults:4)
  Jorgrun (Swamp:1)
  3 Orb Guardians (Zot:5)
  Rupert (Lair:5)
  4 deep elf blademasters
  A deep elf master archer (Elf:3)
  2 quicksilver dragons
  6 titans
  21 acid blobs
  5 sphinxes
  Kirke (Spider:3)
  4 death cobs
  Agnes (Spider:3)
  11 storm dragons
  12 tengu reavers
  8 ancient champions
  A thorn hunter (Swamp:3)
  6 draconian monks
  Donald (Swamp:1)
  4 revenants
  10 shadow dragons
  20 azure jellies
  A fire giant (shapeshifter) (Elf:3)
  The ghost of Cedepnat the Thaumaturge, an adept GnAE of Nemelex Xobeh (Spider:4)
  12 fire giants
  5 draconian scorchers
  6 ghost moths
  6 draconian knights
  A ghost moth (shapeshifter) (Depths:2)
  12 frost giants
  2 imperial myrmidons (Desolation)
  5 vault wardens
  5 deep elf sorcerers
  An iron dragon (Depths:3)
  10 ghouls
  5 draconian shifters
  3 cacodemons (Depths:2)
  9 emperor scorpions
  6 deep elf elementalists
  A curse skull (Crypt:1)
  23 stone giants
  Louise (Swamp:3)
  13 ironheart preservers
  3 draconian stormcallers
  5 spriggan defenders
  The ghost of mishael the Impaler, a journeyman MfFi of Trog (Lair:5)
  32 very ugly things
  3 entropy weavers
  5 draconian annihilators
  10 vampire knights
  11 green draconians
  3 deep elf demonologists (Elf:3)
  9 purple draconians
  10 yellow draconians
  7 red draconians
  2 minotaurs
  7 black draconians
  13 white draconians
  12 spark wasps
  12 dire elephants (Depths:4)
  2 halazid warlocks (Desolation)
  11 deep elf annihilators
  7 deep elf death magi
  3 merfolk javelineers
  18 ettins
  8 fire dragons
  3 eidola
  A mummy priest (Zig:6)
  10 death oozes
  Snorg (Lair:5)
  A merfolk impaler (Depths:2)
  13 jiangshi
  3 crystal guardians (Desolation)
  14 ogre magi
  6 deep elf high priests
  Harold (Lair:1)
  6 ragged hierophants (Desolation)
  7 yaktaur captains
  17 great orbs of eyes
  5 rakshasas
  27 vault guards
  8 servants of whispers (Desolation)
  13 ice dragons
  3 quicksilver dragon skeletons
  A merfolk avatar (Lair:6)
  7 peacekeepers
  8 death knights
  10 hydras
  2 shambling mangroves
  35 two-headed ogres
  6 spriggan air magi
  27 dancing weapons
  10 tengu warriors
  A two-headed ogre (shapeshifter) (Vaults:5)
  6 vampire magi
  11 deep troll earth magi
  14 deep troll shamans
  3 centaur warriors
  The ghost of erthbison the Slicer, a novice DrIE of Sif Muna (D:9)
  15 alligators
  Urug (Lair:4)
  37 hell knights
  An orc high priest (Orc:1)
  A shock serpent (shapeshifter) (Vaults:5)
  14 deep elf knights
  9 spriggan berserkers
  4 soul eaters
  A fire crab (shapeshifter) (Vaults:4)
  A small abomination (Elf:3)
  2 storm dragon zombies
  A sixfirhy (Depths:5)
  75 skeletal warriors
  2 shadow wraiths (Crypt:2)
  A golden dragon zombie (Crypt:1)
  2 sea snakes (Lair:6)
  A titan skeleton (Crypt:3)
  41 deep trolls
  2 anaconda zombies
  3 unseen horrors
  9 iron trolls
  A spriggan druid (Swamp:4)
  9 flayed ghosts
  4 glowing orange brains
  13 ironbrand convokers
  2 golden dragon skeletons (Crypt:3)
  2 deep trolls (shapeshifter)
  2 swamp dragons (Swamp:2)
  2 obsidian statues (Depths:5)
  A lindwurm (shapeshifter) (D:14)
  6 wizards
  A swamp dragon (shapeshifter) (D:15)
  A sphinx zombie (Crypt:2)
  16 harpies
  10 deep elf archers
  16 phantasmal warriors
  12 necromancers
  9 orc knights
  6 cyclopes
  A stone giant zombie (Crypt:1)
  27 orb spiders
  A frost giant zombie (Crypt:3)
  A wolf spider (shapeshifter) (Vaults:4)
  An oklob plant (Lair:6)
  15 orc sorcerers
  43 wolf spiders
  74 ugly things
  8 shining eyes
  57 deep elf magi
  3 manticores
  A manticore (shapeshifter) (Vaults:5)
  An elephant (shapeshifter) (Depths:3)
  17 moths of wrath
  A dire elephant zombie (Crypt:2)
  Maurice (D:8)
  19 elephants
  3 fauns (Zig:2)
  3 fire giant skeletons
  2 guardian serpents (Desolation)
  A black mamba (shapeshifter) (Vaults:5)
  2 water nymphs
  5 frost giant skeletons
  3 eyes of devastation
  2 black mambas
  An iron dragon skeleton (Depths:3)
  2 shock serpent skeletons (Crypt:3)
  3 orange demons (Depths:5)
  10 spiny frogs
  2 molten gargoyles (Desolation)
  A guardian serpent (shapeshifter) (Depths:2)
  A titan simulacrum (Crypt:1)
  A rust devil (Depths:5)
  A spiny frog (shapeshifter) (Depths:2)
  A swamp worm zombie (Crypt:3)
  An apocalypse crab (Gauntlet)
  14 vault sentinels
  6 komodo dragons
  An emperor scorpion zombie (Crypt:2)
  A dire elephant skeleton (Crypt:3)
  A yellow draconian zombie (Crypt:1)
  18 rime drakes
  3 ice devils (Depths:5)
  29 yaktaurs
  9 demonic crawlers
  An efreet (D:15)
  3 kobold demonologists (D:15)
  A catoblepas skeleton (Crypt:3)
  A minotaur skeleton (Crypt:3)
  A yaktaur skeleton (Vaults:5)
  2 komodo dragons (shapeshifter)
  14 freezing wraiths
  A spark wasp simulacrum (Depths:3)
  A redback zombie (D:14)
  A hellwing (Depths:5)
  9 tengu conjurers
  A queen bee (shapeshifter) (Vaults:3)
  A guardian mummy (Zig:6)
  3 red devils (Depths:5)
  A hornet (shapeshifter) (Vaults:3)
  53 saltlings
  2 trolls (shapeshifter) (Depths:2)
  A wind drake (Zig:3)
  A merfolk (Zig:2)
  A queen ant zombie (Crypt:1)
  2 meliai (shapeshifter)
  2 trolls
  53 jumping spiders
  Prince Ribbit (D:8)
  A wind drake (shapeshifter) (Depths:3)
  2 polar bears (Lair:6)
  A tengu simulacrum (Vaults:3)
  25 hornets
  2 hydra skeletons (Crypt:3)
  9 tyrant leeches
  A dream sheep (shapeshifter) (Depths:2)
  A raiju (shapeshifter) (Depths:3)
  13 hippogriffs
  A fire dragon zombie (Crypt:2)
  A fire giant simulacrum (Depths:3)
  2 harpy skeletons
  A slime creature (shapeshifter) (Depths:3)
  7 dream sheep (Lair:4)
  2 hippogriffs (shapeshifter)
  A meliai zombie (Crypt:2)
  2 blink frogs (shapeshifter) (Depths:2)
  11 bog bodies
  114 slime creatures
  19 flying skulls
  92 redbacks
  9 blink frogs
  3 centaur simulacra (Gauntlet)
  A vampire (D:15)
  An air elemental (Elf:3)
  45 tarantellas
  17 water elementals
  3 shadows
  2 ettin skeletons (Crypt:3)
  2 ice dragon skeletons (Crypt:3)
  10 spriggans
  6 wyverns
  A hog (shapeshifter) (D:15)
  A fire bat (shapeshifter) (Depths:2)
  8 wraiths
  3 basilisks
  3 fire elementals
  2 yaks (shapeshifter)
  3 golden eyes (Slime:2)
  30 yaks
  3 hogs (Spider:3)
  2 steam dragons
  2 hungry ghosts
  3 swamp worm simulacra (Swamp:4)
  2 vampire mosquitoes (Swamp:4)
  2 chaos spawn (Depths:5)
  2 swamp worms (shapeshifter)
  A harpy simulacrum (Gauntlet)
  6 insubstantial wisps
  A soldier ant (D:10)
  3 acid dragons
  A soldier ant (shapeshifter) (Vaults:5)
  8 swamp worms
  12 wargs
  8 water moccasins
  14 hydra simulacra (Swamp:4)
  12 porcupines
  A porcupine (shapeshifter) (Depths:2)
  4 sky beasts
  33 orc warriors
  A deep troll skeleton (Vaults:5)
  A faun skeleton (Crypt:1)
  A two-headed ogre skeleton (Crypt:2)
  13 swamp drakes
  A spiny frog skeleton (Crypt:3)
  4 ice beasts
  An eye of draining (shapeshifter) (Vaults:2)
  4 eyes of draining
  An ettin simulacrum (Vaults:3)
  36 ogres
  4 phantoms
  21 boggarts
  A black bear (D:9)
  3 necrophages
  35 wolves (Lair:6)
  8 centaurs
  A centaur (shapeshifter) (Depths:2)
  2 snapping turtle skeletons (Crypt:3)
  14 crocodiles
  A draconian zombie (Crypt:3)
  A rime drake skeleton (Crypt:1)
  25 bullfrogs
  A wyvern zombie (D:14)
  4 earth elementals
  3 scorpions
  A hornet simulacrum (Gauntlet)
  23 killer bees
  11 wights
  A spriggan skeleton (Crypt:3)
  5 electric eels
  3 howler monkeys (D:13)
  A raiju skeleton (Crypt:3)
  5 crimson imps
  6 jellies
  A quasit (D:9)
  2 centaur zombies
  9 hounds
  4 bullfrog zombies
  A basilisk zombie (Crypt:3)
  A jelly (shapeshifter) (Depths:2)
  15 orc priests
  A bullfrog skeleton (D:6)
  3 centaur skeletons
  A porcupine zombie (Crypt:2)
  5 iguanas
  36 orc wizards
  6 worker ants
  An acid dragon skeleton (Crypt:1)
  2 hound skeletons
  3 mummies (Zig:6)
  2 worker ant zombies
  9 adders
  4 gnolls (D:1)
  An adder (shapeshifter) (Depths:2)
  4 shadow imps
  2 white imps
  An ufetubus (Vaults:2)
  5 swamp drake simulacra (Swamp:4)
  An adder zombie (D:6)
  An iguana skeleton (Crypt:2)
  2 oozes
  A halfling skeleton (Crypt:3)
  3 worms
  2 dart slugs
  7 leopard geckos
  95 orcs
  An orc (shapeshifter) (Depths:2)
  A ball python (D:7)
  5 giant cockroaches
  8 hobgoblins
  7 jackals
  7 quokkas
  5 bats
  7 frilled lizards
  A giant cockroach zombie (Crypt:3)
  A gnoll skeleton (Crypt:3)
  9 goblins
  A goblin zombie (Crypt:3)
  A hobgoblin skeleton (Crypt:1)
  11 kobolds
  A quokka skeleton (D:9)
  5 rats
  A butterfly (Lair:2)
  5 fungi
  7 plants
2814 creatures vanquished.

Vanquished Creatures (collateral kills)
  A deep elf high priest (Vaults:5)
  An orb spider (Spider:2)
  A redback (Spider:2)
3 creatures vanquished.

Vanquished Creatures (others)
  A deep elf master archer (Elf:3)
  A thorn hunter (Swamp:4)
  A draconian knight (Zot:4)
  A spriggan defender (Depths:1)
  A stone giant (Depths:2)
  3 yaktaur captains
  A satyr (Zig:2)
  3 centaur warriors
  A deep troll earth mage (Depths:2)
  A cyclops (Vaults:2)
  A spiny frog (Swamp:4)
  14 yaktaurs
  A hornet (Spider:4)
  A bog body (Swamp:4)
  An elf skeleton (Depths:3)
  3 boggarts
  2 centaurs (Vaults:1)
  A shadow imp (D:13)
  An orc (Orc:2)
  85 fungi
  77 plants
  18 withered plants (Gauntlet)
219 creatures vanquished.

Grand Total: 3036 creatures vanquished

Notes
Turn   | Place    | Note
-------+----------+-------------------------------------------
     0 | D:1      | Duffy the Naga Fighter began the quest for the Orb.
     0 | D:1      | Reached XP level 1. HP: 21/21 MP: 1/1
   508 | D:1      | Reached XP level 2. HP: 27/28 MP: 2/2
  1254 | D:1      | Reached XP level 3. HP: 34/34 MP: 3/3
  1771 | D:1      | Reached XP level 4. HP: 36/42 MP: 4/4
  1988 | D:2      | Found a snail-covered altar of Cheibriados.
  1992 | D:2      | Became a worshipper of Cheibriados the Contemplative
  2336 | D:2      | Found an ornate altar of the Wu Jian Council.
  2622 | D:3      | Reached * piety under Cheibriados
  2875 | D:3      | Reached skill level 1 in Invocations
  2934 | D:3      | Found a stormy altar of Qazlal.
  3323 | D:4      | Reached XP level 5. HP: 46/49 MP: 4/6
  3577 | D:4      | Reached ** piety under Cheibriados
  3581 | D:4      | Noticed a phantom
  3605 | D:4      | Killed a phantom
  3605 | D:4      | Reached XP level 6. HP: 46/56 MP: 5/7
  3704 | D:4      | Found a shimmering altar of Xom.
  3897 | D:5      | Entered Level 5 of the Dungeon
  3910 | D:5      | Found a shattered altar of Ashenzari.
  4360 | D:5      | Found a bloodstained altar of Trog.
  4362 | D:5      | Found Zuutyez's Jewellery Boutique.
  4381 | D:5      | Reached XP level 7. HP: 26/62 MP: 4/9
  4615 | D:5      | Reached *** piety under Cheibriados
  4816 | D:5      | Reached skill level 5 in Axes
  5397 | D:5      | Bought the cursed ring "Itesaesi" {rF+ MR+ Dex-3} for 193
                  | gold pieces
  5534 | D:6      | Found a white marble altar of Elyvilon.
  5553 | D:6      | Reached skill level 5 in Shields
  5553 | D:6      | Reached skill level 1 in Evocations
  5553 | D:6      | Reached XP level 8. HP: 69/69 MP: 9/11
  5587 | D:6      | Got a brightly glowing rapier
  5653 | D:6      | Found a sacrificial altar of Ru.
  5715 | D:6      | Found a radiant altar of Vehumet.
  5861 | D:6      | Found Ryfeet Xodi's Antique Weapon Shoppe.
  5996 | D:6      | Reached skill level 5 in Invocations
  6045 | D:6      | Found a staircase to the Ecumenical Temple.
  6642 | D:7      | Reached **** piety under Cheibriados
  6812 | D:7      | Noticed a deep elf mage
  6815 | D:7      | Killed a deep elf mage
  6875 | D:7      | Reached XP level 9. HP: 75/75 MP: 13/13
  7430 | D:8      | Noticed Prince Ribbit
  7439 | D:8      | Killed Prince Ribbit
  7560 | D:8      | Found a blossoming altar of Fedhas.
  7786 | D:8      | Noticed Maurice
  7796 | D:8      | Killed Maurice
  8012 | D:9      | Found Jautok's Armour Emporium.
  8099 | D:9      | Reached XP level 10. HP: 58/84 MP: 13/15
  8213 | D:9      | Found Iweps's General Store.
  8230 | D:9      | Found a staircase to the Lair.
  8283 | D:9      | Bought a scroll of identify for 26 gold pieces
  8512 | D:9      | Found Rotaer's Food Boutique.
  8650 | D:9      | Noticed a manticore
  8656 | D:9      | Killed a manticore
  8911 | D:9      | Found Loahyr's Jewellery Emporium.
  8917 | D:9      | Reached ***** piety under Cheibriados
  9333 | D:9      | Found Hoaw's Assorted Antiques.
  9349 | D:9      | Bought a scroll labeled EXTAFI JIECW for 18 gold pieces
  9349 | D:9      | Bought a murky yellow potion for 16 gold pieces
  9349 | D:9      | Bought a scroll of teleportation for 54 gold pieces
  9349 | D:9      | Bought a scroll of identify for 36 gold pieces
  9395 | D:9      | Found a runed translucent gate.
  9395 | D:9      | Noticed erthbison's ghost (novice DrIE)
  9397 | D:9      | Found a runed translucent gate.
  9398 | D:9      | Found a roughly hewn altar of Beogh.
  9398 | D:9      | Found a runed translucent gate.
  9425 | D:9      | Killed erthbison's ghost
  9654 | D:9      | Got a ruby-encrusted ring mail
  9667 | D:9      | Identified the +1 ring mail of Opluenn {rN+ MR++ Str-3
                  | Slay+5} (You found it on level 9 of the Dungeon)
  9886 | D:10     | Entered Level 10 of the Dungeon
 10157 | D:10     | Found the +7 Kryia's mail coat {PotionHeal*2 rC+}
 10237 | D:10     | Reached XP level 11. HP: 87/90 MP: 17/17
 10254 | D:10     | Reached skill level 10 in Axes
 11049 | D:10     | Reached skill level 1 in Dodging
 11284 | Lair:1   | Entered Level 1 of the Lair of Beasts
 12400 | Lair:2   | Noticed Harold
 12963 | Lair:1   | Killed Harold
 13062 | Lair:2   | Noticed a five-headed hydra
 13068 | Lair:2   | Killed a five-headed hydra
 13069 | Lair:2   | Reached skill level 5 in Fighting
 13659 | Lair:2   | Reached skill level 5 in Dodging
 13825 | Lair:2   | Got an encrusted chain mail
 13836 | Lair:2   | Identified the +1 chain mail "Trusted Companion" {rC+ Int+2
                  | SInv} (You found it on level 2 of the Lair of Beasts)
 14009 | Lair:2   | Reached XP level 12. HP: 93/103 MP: 16/18
 14414 | Lair:3   | Found a gate leading to a gauntlet.
 14425 | Gauntlet | Entered a Gauntlet
 14425 | Gauntlet | Found a transporter.
 14425 | Gauntlet | Found a transporter.
 14426 | Gauntlet | Found a transporter.
 14426 | Gauntlet | Noticed a tengu warrior
 14429 | Gauntlet | Found a transporter.
 14431 | Gauntlet | Found a transporter.
 14438 | Gauntlet | Noticed a blizzard demon
 14439 | Gauntlet | Found a transporter.
 14443 | Gauntlet | Found a transporter.
 14452 | Gauntlet | Noticed a reaper
 14453 | Gauntlet | Found a transporter.
 14523 | Gauntlet | Identified the ring of Casedua {rF+ MP+9 Str+2 Dex+4}
 14545 | Gauntlet | Found a transporter.
 14559 | Gauntlet | Found a transporter.
 14560 | Gauntlet | Found a transporter.
 14569 | Gauntlet | Found a transporter.
 14672 | Gauntlet | Killed a tengu warrior
 14935 | Gauntlet | Identified the Guide on the Dark Snowflakes
 14939 | Gauntlet | Got a slimy steel ring
 14941 | Gauntlet | Identified the ring of Midsummer {rC+ MP+9 Int+3 SInv} (You
                  | found it in a Gauntlet)
 15020 | Gauntlet | Noticed a minotaur
 15028 | Gauntlet | Killed a minotaur
 15028 | Gauntlet | Reached skill level 5 in Evocations
 15388 | Lair:3   | Noticed a four-headed hydra
 15396 | Lair:3   | Killed a five-headed hydra
 15888 | Lair:3   | Noticed a four-headed hydra
 15891 | Lair:3   | Killed a four-headed hydra
 15891 | Lair:3   | Reached skill level 5 in Armour
 16653 | Lair:3   | Found a staircase to the Swamp.
 16966 | Lair:4   | You fall into a shaft and drop 2 floors!
 16966 | Lair:6   | Entered Level 6 of the Lair of Beasts
 16973 | Lair:6   | Noticed a six-headed hydra
 16980 | Lair:6   | Gained mutation: You can use your snake-like lower body to
                  | constrict enemies. [Naga growth]
 16980 | Lair:6   | Reached XP level 13. HP: 92/115 MP: 13/19
 17200 | Lair:5   | Noticed Snorg
 17201 | Lair:5   | Noticed Rupert
 17205 | Lair:5   | Killed Snorg
 17209 | Lair:5   | Killed Rupert
 17810 | Lair:4   | Got a transparent trident
 17817 | Lair:4   | Identified the +2 trident "Pemmeiwki" {drain, rC+ rN+} (You
                  | found it on level 4 of the Lair of Beasts)
 17977 | Lair:4   | Found a hole to the Spider Nest.
 18226 | Lair:4   | Noticed Urug
 18240 | Lair:4   | Killed Urug
 18519 | Lair:5   | Noticed mishael's ghost (journeyman MfFi)
 18624 | Lair:5   | Found a runed translucent gate.
 18624 | Lair:5   | Found a runed translucent gate.
 18645 | Lair:5   | Found a basalt altar of Yredelemnul.
 18724 | Lair:5   | Found a staircase to the Slime Pits.
 19079 | Lair:5   | Found a runed translucent gate.
 19475 | Lair:6   | Reached XP level 14. HP: 105/126 MP: 20/20
 20132 | Lair:6   | Got a fabulously ornate robe
 21789 | D:11     | Got an encrusted ring mail
 21897 | D:11     | You fall into a shaft and drop 2 floors!
 22120 | D:13     | Identified the +1 ring mail of the Fisher {*Contam MR+
                  | Int+4} (You found it on level 11 of the Dungeon)
 22271 | D:11     | You fall into a shaft and drop 1 floor!
 22596 | D:12     | Found a staircase to the Orcish Mines.
 22606 | D:12     | Found a roughly hewn altar of Beogh.
 22712 | Orc:1    | Entered Level 1 of the Orcish Mines
 22739 | Orc:1    | Reached skill level 10 in Fighting
 22997 | Orc:1    | Found Ebruaw's Magic Scroll Boutique.
 23074 | Orc:1    | Found a shimmering altar of Xom.
 23090 | Orc:1    | Reached XP level 15. HP: 40/138 MP: 8/21
 23519 | Orc:2    | Entered Level 2 of the Orcish Mines
 24087 | Orc:2    | Found a staircase to the Elven Halls.
 24253 | Orc:2    | Reached ****** piety under Cheibriados
 24262 | Orc:2    | Reached skill level 10 in Armour
 24262 | Orc:2    | Reached skill level 10 in Dodging
 24265 | Orc:2    | Found Juemmewo's Book Emporium.
 24287 | Orc:2    | Found Icha's Antique Weapon Shoppe.
 24313 | Orc:2    | Found a radiant altar of Vehumet.
 24616 | Orc:2    | Found Plog's Book Emporium.
 24631 | Orc:2    | Found a roughly hewn altar of Beogh.
 24631 | Orc:2    | Found Xecaisun's Distillery.
 24792 | Orc:2    | Found an ancient bone altar of Kikubaaqudgha.
 26964 | D:14     | Found a gate to the Vaults.
 27186 | D:14     | Got a brightly glowing mace
 27835 | D:15     | Entered Level 15 of the Dungeon
 27999 | D:15     | Identified a scroll of acquirement
 28158 | D:9      | Bought an embroidered cloak for 135 gold pieces
 28209 | D:9      | Bought the ring of Erchufy {rF++ MR++ rCorr Stlth-} for 824
                  | gold pieces
 28253 | D:9      | Bought the +6 ice dragon scales "Pisod" {+Blink rF- rC++}
                  | for 1439 gold pieces
 28675 | D:15     | Reached XP level 16. HP: 146/146 MP: 22/22
 29487 | D:15     | Found a staircase to the Depths.
 29692 | Elf:1    | Entered Level 1 of the Elven Halls
 30255 | Elf:1    | Identified Sif Muna's Tome of Damage Dealing
 31621 | Elf:2    | Found a runed translucent gate.
 31621 | Elf:2    | Found a runed translucent gate.
 31628 | Elf:2    | Found a runed translucent gate.
 31643 | Elf:2    | Reached skill level 15 in Axes
 32008 | Elf:2    | Noticed a deep elf blademaster
 32014 | Elf:2    | Killed a deep elf blademaster
 32014 | Elf:2    | Reached XP level 17. HP: 120/153 MP: 23/23
 32789 | Elf:2    | Upgraded the game from 0.25-a0-632-g7713895373 to
                  | 0.25-a0-651-g8c222c7a2b
 32810 | Elf:2    | Found Gale's Antique Armour Shop.
 32816 | Elf:2    | Bought a pair of embroidered gloves for 232 gold pieces
 33434 | Elf:3    | Entered Level 3 of the Elven Halls
 33474 | Elf:3    | Got a scorched rapier
 33509 | Elf:3    | Noticed Nikola
 33523 | Elf:3    | Killed Nikola
 33775 | Elf:3    | Found the +7 Singing Sword {vorpal, sonic wave}
 34029 | Elf:3    | Noticed Saint Roka
 34042 | Elf:3    | Killed Saint Roka
 34991 | Elf:3    | Noticed a deep elf master archer
 34995 | Elf:3    | Identified the amulet of Virtue {Regen+ Stlth+}
 34996 | Elf:3    | Killed a deep elf master archer
 34996 | Elf:3    | Identified the cursed +1 short sword of the Desolation of
                  | Salt {antimagic, rPois Dex+5}
 34996 | Elf:3    | Noticed a deep elf blademaster
 34996 | Elf:3    | Identified the cursed +1 mace of Turmoil {vorpal, rC++}
 34996 | Elf:3    | Noticed a deep elf master archer
 34997 | Elf:3    | Identified the ring of Zashupn {Fire rElec rPois Dex-5}
 34999 | Elf:3    | Reached skill level 15 in Armour
 34999 | Elf:3    | Killed a deep elf blademaster
 35000 | Elf:3    | Reached XP level 18. HP: 11/163 MP: 22/24
 35423 | Elf:3    | Noticed a deep elf blademaster
 35432 | Elf:3    | Killed a deep elf blademaster
 35940 | Elf:3    | Identified the +2 chain mail of the Desert {rPois rCorr
                  | Int-2 SInv}
 35940 | Elf:3    | Identified the ring "Yxemaih" {Str+3 Stlth+}
 35957 | Elf:3    | Killed a deep elf master archer
 36375 | Elf:3    | Identified the Almanac of Good Luck and the Mountains
 36442 | Elf:3    | Identified the Collected Works on Icy Fire
 36621 | Elf:2    | Bought a distressingly furry plate armour for 868 gold
                  | pieces
 36621 | Elf:2    | Identified the +8 plate armour of Voruagi {-Cast rElec
                  | Str+3} (You bought it in a shop on level 2 of the Elven
                  | Halls)
 36934 | Lair:5   | Killed mishael's ghost
 37016 | Spider:1 | Entered Level 1 of the Spider Nest
 37026 | Spider:1 | Reached skill level 10 in Shields
 37897 | Spider:2 | Reached XP level 19. HP: 138/172 MP: 25/25
 38461 | Spider:3 | Noticed Kirke
 38474 | Spider:3 | Killed Kirke
 38626 | Spider:3 | Identified the +12 executioner's axe "Raisin" {drain, rC+
                  | Int+3} (You acquired it on level 3 of the Spider Nest)
 38626 | Spider:3 | Identified the ring of Beauty {+Inv rN+ MP+9 Stlth+} (You
                  | acquired it on level 3 of the Spider Nest)
 38694 | Spider:3 | Noticed Agnes
 38701 | Spider:3 | Killed Agnes
 39087 | Spider:4 | Entered Level 4 of the Spider Nest
 39097 | Spider:4 | Found a transporter.
 39100 | Spider:4 | Noticed Cedepnat's ghost (adept GnAE)
 39117 | Spider:4 | Killed Cedepnat's ghost
 39252 | Spider:4 | Found a transporter.
 39253 | Spider:4 | Got a scintillating lead ring
 39276 | Spider:4 | Identified the ring of Irriboy {rPois Str+5} (You found it
                  | on level 4 of the Spider Nest)
 39374 | Spider:4 | Reached skill level 15 in Shields
 39784 | Spider:4 | Got a gossamer rune of Zot
 40840 | Vaults:1 | Entered Level 1 of the Vaults
 40867 | Vaults:1 | Reached XP level 20. HP: 186/186 MP: 26/26
 40896 | Vaults:1 | Found a ruined gateway.
 40906 | Desolati | Entered the Desolation of Salt
 41214 | Desolati | Found the +8 lance "Wyrmbane" {slay drac, rPois rF+ rC+
                  | AC+3}
 41218 | Desolati | Got an ichor-stained dire flail
 41226 | Desolati | Identified the Grimoire of Icy Aid
 41335 | Desolati | Identified Kikubaaqudgha's Tome of Evil
 41342 | Desolati | Identified the Tome of Poisoning
 41614 | Desolati | Got a bronze chain mail
 41616 | Desolati | Identified the +1 chain mail "Muomunewa" {+Inv rPois rC+
                  | Str-2} (You found it in the Desolation of Salt)
 41620 | Desolati | Got a vibrating steel ring
 41621 | Desolati | Identified the ring "Cijom" {+Fly MR+ MP+9 Str+4} (You
                  | found it in the Desolation of Salt)
 41626 | Desolati | Identified the Papyrus of the Vitriolic Mountains
 41629 | Desolati | Identified the ring of Yboll {+Inv rN+ Stlth+} (You found
                  | it in the Desolation of Salt)
 43144 | Vaults:2 | Reached skill level 15 in Fighting
 43145 | Vaults:2 | Reached XP level 21. HP: 201/201 MP: 27/27
 43449 | Vaults:2 | Got a bloodstained flail
 44303 | Vaults:3 | Reached skill level 10 in Invocations
 44605 | Vaults:4 | Found a runed translucent door.
 44605 | Vaults:4 | Found a shimmering altar of Xom.
 44605 | Vaults:4 | Noticed Viusuagh's ghost (adept MiSk)
 44644 | Vaults:4 | Killed Viusuagh's ghost
 45167 | Vaults:4 | Found Pigua's Gadget Emporium.
 45199 | Vaults:5 | Entered Level 5 of the Vaults
 45202 | Vaults:5 | Reached XP level 22. HP: 210/210 MP: 28/30
 45202 | Vaults:5 | Reached skill level 10 in Evocations
 45583 | Vaults:3 | Found a staircase to the Crypt.
 46239 | Crypt:1  | Entered Level 1 of the Crypt
 46400 | Crypt:1  | Identified the +4 scimitar "Qecypp" {flame, rF++ Str-5}
 47206 | Crypt:2  | Got an ivory spear
 47948 | Crypt:3  | Entered Level 3 of the Crypt
 47977 | Crypt:3  | Noticed an ancient lich
 47982 | Crypt:3  | Reached XP level 23. HP: 217/217 MP: 33/33
 47990 | Crypt:3  | Reached skill level 15 in Dodging
 47991 | Crypt:3  | Killed an ancient lich
 48213 | Crypt:3  | Found a staircase to the Tomb.
 48216 | Crypt:3  | Noticed an ancient lich
 48227 | Crypt:3  | Killed an ancient lich
 48227 | Crypt:3  | Reached skill level 5 in Spellcasting
 48404 | Crypt:3  | Noticed Jory
 48425 | Crypt:3  | Killed Jory
 48698 | Crypt:3  | Found a basalt altar of Yredelemnul.
 48728 | Crypt:3  | Identified the ring of Qazlal's Esteem {rF+ rN+ Int+6}
 48732 | Crypt:3  | Noticed an ancient lich
 48754 | Crypt:3  | Killed an ancient lich
 48797 | Crypt:3  | Identified the amulet of Immorality {rN+ Regen+} (You found
                  | it on level 3 of the Crypt)
 48957 | Crypt:3  | Reached skill level 10 in Spellcasting
 49857 | Depths:1 | Entered Level 1 of the Depths
 49875 | Depths:1 | Reached XP level 24. HP: 218/225 MP: 38/38
 50024 | Depths:1 | Found a one-way gate leading to the halls of Pandemonium.
 50080 | D:15     | Learned a level 1 spell: Apportation
 50082 | D:15     | Learned a level 1 spell: Summon Butterflies
 50085 | D:15     | Learned a level 2 spell: Passwall
 50089 | D:15     | Learned a level 3 spell: Lesser Beckoning
 50095 | D:15     | Learned a level 5 spell: Silence
 50102 | D:15     | Learned a level 6 spell: Deflect Missiles
 50111 | D:15     | Learned a level 8 spell: Controlled Blink
 50757 | Depths:1 | Reached skill level 1 in Translocations
 50898 | Depths:1 | Found a gateway to Hell.
 51462 | Depths:2 | Reached skill level 5 in Translocations
 51792 | Depths:2 | Found a one-way gate to the infinite horrors of the Abyss.
 51834 | Depths:2 | Found a runed translucent gate.
 51834 | Depths:2 | Found a runed translucent gate.
 51834 | Depths:2 | Found a runed translucent gate.
 51926 | Depths:2 | Found a runed translucent gate.
 51926 | Depths:2 | Found a runed translucent gate.
 51928 | Depths:2 | Noticed Acwon's ghost (legendary TrMo)
 51929 | Depths:2 | Found a runed translucent gate.
 52023 | Depths:2 | Killed Acwon's ghost
 52023 | Depths:2 | Reached XP level 25. HP: 108/232 MP: 29/41
 52177 | Depths:2 | Got a steaming hat
 52178 | Depths:2 | Identified the +1 hat "Berosm" {MR+ Str+4} (You found it on
                  | level 2 of the Depths)
 52289 | Depths:2 | Reached skill level 10 in Translocations
 52767 | Depths:2 | Got a bloodstained arbalest
 53023 | Depths:3 | Found Zaorph's Magic Scroll Emporium.
 53455 | Depths:3 | Reached skill level 15 in Spellcasting
 53552 | Depths:3 | Identified the +3 leather armour "Bapeercha" {rPois rF+ rN+
                  | Dex-3}
 53723 | Depths:3 | Reached XP level 26. HP: 214/241 MP: 42/42
 53900 | Depths:3 | Reached skill level 15 in Translocations
 53950 | Depths:3 | Noticed a juggernaut
 53963 | Depths:3 | Killed a juggernaut
 54061 | Depths:3 | Identified the Handbook of Ashen Feathers
 54293 | Depths:3 | Noticed Margery
 54304 | Depths:3 | Killed Margery
 54650 | Depths:3 | Found Pofaewuy's Gadget Boutique.
 54650 | Depths:3 | Found Nyruroev's Jewellery Shoppe.
 54651 | Depths:3 | Found Jomimp's Jewellery Shoppe.
 55075 | Depths:4 | Identified the +2 leather armour "Mite" {Str+9 Dex+3
                  | Slay-4}
 55401 | Depths:4 | Found a shimmering blue altar of Sif Muna.
 55853 | Depths:5 | Entered Level 5 of the Depths
 55853 | Depths:5 | Found a gateway to a ziggurat.
 56098 | Depths:5 | Reached XP level 27. HP: 224/248 MP: 43/43
 56643 | Depths:5 | Found a burning altar of Makhleb.
 57113 | Depths:5 | Found a gate to the Realm of Zot.
 57384 | Depths:5 | Found a burning altar of Makhleb.
 57385 | Depths:5 | Found the cursed +14 obsidian axe {vorpal, +Fly SInv
                  | *Curse}
 57894 | Vaults:5 | Noticed Boris
 57901 | Vaults:5 | Killed Boris
 58143 | Vaults:5 | Got a dazzling helmet
 58144 | Vaults:5 | Identified the +0 helmet of Classification {*Contam Int+3
                  | SInv} (You found it on level 5 of the Vaults)
 58177 | Vaults:5 | Got a scintillating iron ring
 58178 | Vaults:5 | Identified the ring "Meublad" {*Tele SInv Stlth+} (You
                  | found it on level 5 of the Vaults)
 58220 | Vaults:5 | Got a silver rune of Zot
 58432 | Vaults:5 | Identified the Tome of Hexes and Calling
 58887 | Vaults:5 | Got a warped rapier
 59174 | Vaults:5 | Got a polished halberd
 59336 | Vaults:5 | Reached skill level 1 in Charms
 59336 | Vaults:5 | Reached skill level 1 in Air Magic
 59407 | Vaults:5 | Identified the +6 long sword "Hagu Nenea" {freeze, rF+ rN+
                  | Str-3 Dex+5}
 59913 | Slime:1  | Entered Level 1 of the Pits of Slime
 60256 | Slime:4  | Reached skill level 5 in Charms
 60256 | Slime:4  | Reached skill level 5 in Air Magic
 60277 | Slime:5  | Entered Level 5 of the Pits of Slime
 60439 | Slime:5  | Found a viscous altar of Jiyva.
 60439 | Slime:5  | Noticed the Royal Jelly
 60755 | Slime:5  | Gained mutation: Your body sometimes deteriorates upon
                  | taking damage. [a shining eye]
 60758 | Slime:4  | Gained mutation: You are weak. (Str -2) [a shining eye]
 60760 | Slime:4  | Gained mutation: Your spells are a little easier to cast,
                  | but a little less powerful. [a shining eye]
 60833 | Slime:5  | Killed the Royal Jelly
 61047 | Slime:5  | Found the ring of Robustness {AC+8}
 61124 | Slime:5  | Got a bloodstained spear
 61138 | Slime:5  | Got a slimy rune of Zot
 61166 | Slime:5  | Got a dazzling leather armour
 61660 | Slime:2  | Gained mutation: Your spells are easier to cast, but less
                  | powerful. [a shining eye]
 61661 | Slime:2  | Gained mutation: Your spells are much easier to cast, but
                  | much less powerful. [a shining eye]
 61993 | Orc:1    | Bought a scroll of blinking for 90 gold pieces
 61993 | Orc:1    | Bought a scroll of enchant armour for 90 gold pieces
 61993 | Orc:1    | Bought a scroll of fog for 24 gold pieces
 61993 | Orc:1    | Bought 3 scrolls of identify for 72 gold pieces
 61993 | Orc:1    | Bought a scroll of teleportation for 36 gold pieces
 61993 | Orc:1    | Bought a scroll of identify for 24 gold pieces
 61993 | Orc:1    | Bought a scroll of torment for 90 gold pieces
 61993 | Orc:1    | Bought a scroll of magic mapping for 42 gold pieces
 61993 | Orc:1    | Bought a scroll of teleportation for 36 gold pieces
 61993 | Orc:1    | Bought a scroll of identify for 24 gold pieces
 62056 | Orc:2    | Bought a potion of might for 48 gold pieces
 62056 | Orc:2    | Bought a potion of mutation for 96 gold pieces
 62056 | Orc:2    | Bought a potion of heal wounds for 60 gold pieces
 62056 | Orc:2    | Bought a potion of mutation for 96 gold pieces
 62056 | Orc:2    | Bought a potion of ambrosia for 96 gold pieces
 62056 | Orc:2    | Bought a potion of resistance for 120 gold pieces
 62056 | Orc:2    | Bought a potion of curing for 36 gold pieces
 62056 | Orc:2    | Bought a potion of brilliance for 48 gold pieces
 62056 | Orc:2    | Bought a potion of might for 48 gold pieces
 62205 | D:9      | Bought a potion of curing for 39 gold pieces
 62205 | D:9      | Bought a scroll of magic mapping for 45 gold pieces
 62255 | D:9      | Bought a scroll of remove curse for 54 gold pieces
 62255 | D:9      | Bought a potion of might for 72 gold pieces
 62497 | Depths:3 | Bought a scroll of teleportation for 54 gold pieces
 62497 | Depths:3 | Bought a scroll of magic mapping for 63 gold pieces
 62497 | Depths:3 | Bought 2 scrolls of summoning for 342 gold pieces
 62497 | Depths:3 | Bought a scroll of identify for 36 gold pieces
 62497 | Depths:3 | Bought a scroll of summoning for 171 gold pieces
 62497 | Depths:3 | Bought a scroll of teleportation for 54 gold pieces
 62534 | Depths:3 | Bought a wand of paralysis (8) for 100 gold pieces
 62534 | Depths:3 | Bought a box of beasts for 200 gold pieces
 62534 | Depths:3 | Bought a phantom mirror for 300 gold pieces
 62534 | Depths:3 | Bought a box of beasts for 200 gold pieces
 62817 | Vaults:4 | Bought a wand of acid (6) for 380 gold pieces
 62817 | Vaults:4 | Bought a phantom mirror for 570 gold pieces
 62817 | Vaults:4 | Bought a wand of acid (6) for 380 gold pieces
 62817 | Vaults:4 | Bought a phantom mirror for 570 gold pieces
 62817 | Vaults:4 | Bought a wand of clouds (6) for 570 gold pieces
 63228 | Swamp:1  | Entered Level 1 of the Swamp
 63241 | Lair:3   | Learned a level 9 spell: Shatter
 63284 | Swamp:1  | Noticed Jorgrun
 63288 | Swamp:1  | Killed Jorgrun
 63398 | Swamp:1  | Noticed Donald
 63406 | Swamp:1  | Killed Donald
 63406 | Swamp:1  | Reached skill level 1 in Earth Magic
 64833 | Swamp:3  | Noticed Mara
 64834 | Swamp:3  | Identified the +5 tower shield "Leatelir" {+Blink rPois
                  | rC++ Slay-6}
 64834 | Swamp:3  | Noticed Louise
 64836 | Swamp:3  | Noticed Duffy's illusion
 64847 | Swamp:3  | Killed Louise
 64854 | Swamp:3  | Killed Mara
 64854 | Swamp:3  | Reached skill level 5 in Earth Magic
 65486 | Swamp:4  | Entered Level 4 of the Swamp
 65950 | Swamp:4  | Got a decaying rune of Zot
 66824 | Zot:1    | Entered Level 1 of the Realm of Zot
 67072 | Zot:1    | Found a large runed translucent door.
 67072 | Zot:1    | Found a large runed translucent door.
 67075 | Zot:1    | Noticed Licye's ghost (legendary MfTm)
 67674 | Zot:1    | Killed Licye's ghost
 68172 | Zot:2    | Reached skill level 10 in Earth Magic
 70893 | Zot:5    | Entered Level 5 of the Realm of Zot
 70908 | Zot:5    | Reached skill level 15 in Earth Magic
 71304 | Zot:5    | Got a smoking quarterstaff
 71849 | Zig:1    | Entered Level 1 of a ziggurat
 71868 | Zig:2    | Entered Level 2 of a ziggurat
 71916 | Zig:3    | Entered Level 3 of a ziggurat
 71955 | Zig:4    | Entered Level 4 of a ziggurat
 72008 | Zig:5    | Entered Level 5 of a ziggurat
 72064 | Zig:6    | Entered Level 6 of a ziggurat
 72070 | Zig:6    | Noticed a greater mummy
 72070 | Zig:6    | Noticed a greater mummy
 72084 | Zig:6    | HP: 16/372 [jiangshi[a greater mummy] (5)]
 72084 | Zig:6    | HP: 7/372 [jiangshi[a greater mummy] (9)]
 72085 | Zig:6    | HP: 2/372 [jiangshi[a greater mummy] (2)]
 72085 | Zig:6    | Slain by an ushabti

Levels and vault maps discovered:
D:1:      dpeg_arrival_rhombi, layout_basic
D:2:      layout_loops_ring, lemuel_crystal_altar, lemuel_coloured_pillars_altar
D:3:      layout_rooms, grunt_qazlal_sundering, first_ration,
          serial_bayou_ford_a
D:4:      layout_loops_ring, overflow_temple_1_default
D:5:      layout_rooms, bloody_trog, cheibrodos_ashenzari_chains, serial_shops,
          shop, minmay_quadrilaterals
D:6:      layout_basic, nicolae_ru_the_path_less_chosen,
          nicolae_overflow_crystal_walls, minmay_temple_entry_glass,
          serial_shops, nicolae_shop_statue_plus, vehumet_altar_wand_db
D:7:      lemuel_ice_spiral_2, layout_basic, grunt_ogre_cave,
          guppyfry_early_elven_hall
D:8:      layout_basic, fedhas_altar_2, uniq_prince_ribbit1, uniq_maurice
D:9:      layout_irregular_city, erik_lair_orcish_takeover,
          biasface_ghost_orc_armoury, serial_shops, nicolae_shop_crystal, shop,
          nicolae_shop_temple_entry_statues_fountains, shop, shop
D:10:     layout_stronghold
D:11:     layout_loops_cross, hangedman_decor_riveting, library_closet
D:12:     layout_layer_cave, minmay_orc_entry_temple_small,
          kennysheep_flooded_box
D:13:     layout_roguey, minmay_misc_feat_chi, item_on_display_a
D:14:     layout_small_grid, david_vaults_4, nicolae_water_bricks,
          grunt_ministairs_15
D:15:     gammafunk_enter_depths_forms, layout_loops_cross, fountainhead,
          minmay_checkerbox
Lair:1:   layout_gridlike, minivault_11, grunt_megastairs_3
Lair:2:   layout_cave_pods, lemuel_fruit_tree, infiniplex_staircase_pool_2,
          lemuel_fruit_fields, uniq_harold
Lair:3:   layout_long_grid, nicolae_swamp_entry_splash_gauntlet,
          gauntlet_entry_generic, guppyfry_lair_drakes, lemuel_fruit_fields
Lair:4:   layout_gridlike, nicolae_spider_entry_orb_guardian,
          chequers_serial_rivers_small_3, minmay_lair_drake_nest, uniq_urug
Lair:5:   layout_regular_city, minmay_slime_entry_pillars,
          gammafunk_ghost_split, basic_altar, uniq_snorg, uniq_rupert
Lair:6:   gammafunk_lair_ancient_temple, layout_gridlike,
          grunt_forest_large_clearings
Swamp:1:  layout_basic_swamp, hangedman_swamp_ruin_wall,
          infiniplex_staircase_pool, uniq_jorgrun, uniq_donald
Swamp:2:  layout_falls_marsh, serial_swamp_ruin, evilmike_swamp_ruin_house_6,
          evilmike_swamp_ruin_house_3, evilmike_swamp_ruin_house_4
Swamp:3:  layout_falls_marsh, hangedman_swamp_blocks, swamp_pool3, uniq_mara,
          uniq_louise
Swamp:4:  swamp_icy, layout_basic_swamp
Spider:1: layout_spider_delve
Spider:2: layout_spider_delve
Spider:3: layout_spider_delve, uniq_agnes, uniq_kirke
Spider:4: grunt_spider_rune_circles, gammafunk_ghost_berserking_beasts
Slime:1:  layout_caves
Slime:2:  layout_caves
Slime:3:  layout_caves, nicolae_slime_phagocytosis
Slime:4:  layout_caves
Slime:5
Orc:1:    layout_caves, serial_shops, nicolae_shop_stone, basic_altar
Orc:2:    kennysheep_orc_mage_school, layout_caves
Elf:1:    minmay_elf_arrival_summoners, layout_geoelf_octagon,
          minmay_elf_annihilation
Elf:2:    layout_onion_city, serial_shops, shop
Elf:3:    minmay_elf_hall_furrowed, layout_geoelf_octagon, grunt_megastairs_4,
          uniq_nikola, uniq_saint_roka
Vaults:1: vaults_room_octagon, ontoclasm_vaults_shout,
          hangedman_vaults_stretched_pinwheel, ontoclasm_vaults_hangar,
          ontoclasm_vaults_ring_large, ontoclasm_vaults_ligature,
          vaults_standard_mumra_lines, nicolae_vaults_little_squares_1,
          nicolae_vaults_shelves_hall, v_misc_18, nicolae_vaults_sealed_display,
          grunt_vaults_hallway_short, layout_vaults_big_cross,
          portal_desolation_entry_salt, serial_glass
Vaults:2: vaults_mumra_chevron_long, serial_ice_h, v_misc_28, vaults_room_grid,
          nicolae_vaults_theta, ontoclasm_vaults_twist, vaults_room_pools,
          layout_vaults_big_room
Vaults:3: st_diamondy, vaults_room_fancy_cross, nicolae_vaults_what_the_h,
          v_rooms_5, nicolae_vaults_rhombus_5, v_misc_2,
          nicolae_vaults_asterisk, minmay_crypt_entry_simple_corners,
          vaults_room_fancy_cross, nicolae_vaults_specimen_jars,
          layout_vaults_ring
Vaults:4: ebering_vaults_ghost_xom, nicolae_vaults_three_branches, v_misc_17,
          nicolae_vaults_alarming, v_misc_8, v_misc_27, hangedman_vaults_trim,
          hangedman_vaults_impose, v_pattern_1, v_misc_1,
          nicolae_vaults_an_arrangement, vaults_mumra_chevron,
          vaults_room_octagon, v_misc_16, vaults_room_hallway,
          layout_vaults_omnibox, serial_shops, shop
Vaults:5: uniq_boris
Crypt:1:  layout_basic, grunt_megastairs_2, grunt_crypt_arrival_split
Crypt:2:  layout_gridlike, serial_sigils_hangedman_gnaw, lemuel_elevator
Crypt:3:  church_of_pain_bobbens, layout_chaotic_city, uniq_jory
Depths:1: layout_cave_pools, pan_entry, pf_vacation_house_of_asmodeus,
          wheals_unrand_guarded_autumn_katana
Depths:2: minmay_nested_s, layout_cave_pools,
          ploomutoo_gammafunk_ghost_potion_laboratory,
          hangedman_decor_peaks_small, abyss_entry, hell_entry,
          serial_bayou_lagoon_a
Depths:3: grunt_twisty_corner, layout_cave_shapes, hell_entry,
          chequers_serial_rivers_micro_e, serial_shops, shop_fountains,
          marbit_kobold_abyss_entry, pan_entry, kennysheep_another_room,
          infiniplex_staircase_pillars_3a, minmay_shop_grove, uniq_margery
Depths:4: mu_elephants_graveyard, layout_cave_pools, abyss_entry,
          old_standard_altar, pf_hell_entry_tar_spiral,
          corexii_leaking_fountain, infiniplex_staircase_spiral
Depths:5: grunt_twist_and_shout, layout_cave_pools, enter_ziggurat_b,
          hangedman_coc_ice_floe, abyss_entry, serial_rivers,
          chequers_serial_rivers_micro_b, chequers_serial_rivers_micro_a,
          chequers_serial_rivers_room_a, chequers_serial_rivers_small_b,
          grunt_guarded_unrand_obsidian_axe
Zot:1:    layout_cathedral_of_symmetry, ebering_ghost_disaster_area
Zot:2:    layout_misc_corridors, lemuel_golem_globe
Zot:3:    layout_gridville
Zot:4:    layout_basic
Zot:5:    layout_basic
Zig:6

Skill      XL: |  1  2  3  4  5  6  7  8  9 10 11 12 13 14 15 16 17 18 19 20 21 22 23 24 25 26 27 |
---------------+----------------------------------------------------------------------------------+-----
Shields        | 3 4 5 7 8 9 13 15 | 15.0
Axes           | 3 4 5 6 8 9 10 11 12 14 15 16 17 18 | 18.0
Invocations    | 1 2 3 4 6 7 9 11 14 | 14.0
Evocations     | 1 3 6 9 10 | 10.0
Dodging        | 5 6 8 9 10 11 12 14 15 | 15.0
Armour         | 4 6 8 9 11 13 15 | 15.0
Fighting       | 5 7 8 10 11 12 15 | 15.0
Spellcasting   | 11 14 15 16 20 | 20.0
Translocations | 9 14 17 20 | 20.0
Charms         | 8 |  8.0
Air Magic      | 8 |  8.0
Earth Magic    | 17 | 17.2

Action                   |  1- 3 |  4- 6 |  7- 9 | 10-12 | 13-15 | 16-18 | 19-21 | 22-24 | 25-27 || total
-------------------------+-------+-------+-------+-------+-------+-------+-------+-------+-------++-------
Melee: War axe           |    86 |   188 |   254 |   447 |   806 |   270 |       |       |       ||  2051
       Constrict         |       |       |       |       |   156 |   177 |   232 |   198 |   348 ||  1111
       Broad axe         |       |       |       |       |       |   469 |  1067 |  1187 |  2521 ||  5244
       Lance             |       |       |       |       |       |       |       |    20 |    89 ||   109
Throw: Throwing net      |       |       |       |     2 |       |       |       |       |       ||     2
 Cast: Apportation       |       |       |       |       |       |       |       |       |    12 ||    12
       Lesser Beckoning  |       |       |       |       |       |       |       |       |     2 ||     2
       Summon Butterflie |       |       |       |       |       |       |       |       |    14 ||    14
       Deflect Missiles  |       |       |       |       |       |       |       |       |     4 ||     4
       Controlled Blink  |       |       |       |       |       |       |       |       |     3 ||     3
       Silence           |       |       |       |       |       |       |       |       |     1 ||     1
Invok: Slouch            |       |       |       |     6 |    19 |     9 |     4 |     5 |     5 ||    48
       Temporal Distorti |       |       |       |       |     1 |       |       |     1 |     1 ||     3
       Bend Time         |       |       |       |       |       |       |       |       |     2 ||     2
 Abil: Spit Poison       |     4 |     6 |     9 |     6 |       |       |       |       |       ||    25
       Evoke Blink       |       |       |       |       |       |       |       |       |     1 ||     1
Evoke: Wand              |       |       |    10 |    37 |    33 |     7 |    13 |       |     3 ||   103
       Phial of floods   |       |       |       |       |       |       |     1 |       |       ||     1
       Lamp of fire      |       |       |       |       |       |       |       |       |     1 ||     1
  Use: Scroll            |     3 |     4 |     5 |    15 |    14 |    16 |    12 |     6 |    14 ||    89
       Potion            |       |       |       |       |     1 |     3 |     1 |       |     6 ||    11
 Stab: Paralysed         |       |       |     8 |       |       |       |       |       |       ||     8
       Distracted        |       |       |       |       |       |       |       |     1 |     3 ||     4
       Confused          |       |       |       |       |       |       |       |     1 |       ||     1
  Eat: Chunk             |     1 |     7 |     8 |     7 |     8 |     8 |     5 |     5 |    17 ||    66
       Ration            |       |       |       |     4 |     6 |     4 |     3 |     4 |    13 ||    34
Armor: Scale mail        |    32 |    67 |       |       |    90 |       |       |       |       ||   189
       Ring mail         |       |     6 |    99 |   170 |   154 |       |       |       |       ||   429
       Skin              |       |       |       |       |    38 |       |       |       |    30 ||    68
       Ice dragon scales |       |       |       |       |     6 |   193 |       |   109 |   870 ||  1178
       Plate armour      |       |       |       |       |       |   100 |   423 |   241 |       ||   764
Dodge: Dodged            |    16 |    40 |    69 |   188 |   418 |   277 |   317 |   350 |  1126 ||  2801
       Deflected         |       |       |       |       |       |       |       |       |    24 ||    24
Block: Kite shield       |    54 |   120 |   188 |   356 |   607 |   304 |       |       |       ||  1629
       Tower shield      |       |       |       |       |       |   379 |  1554 |  1495 |  3512 ||  6940
       Reflection        |       |       |       |       |       |     2 |    63 |    45 |   124 ||   234

Table legend:
 A = Non-vault XP
 B = Vault XP
 C = Vault XP percentage of total XP
 D = Non-vault monster count
 E = Vault monster count
 F = Vault count percentage of total count
                 A         B        C        D         E       F
            +---------+---------+-------+---------+---------+-------
      Total | 1001454 |  849691 |  45.9 |    1815 |     985 |  35.2
            +---------+---------+-------+---------+---------+-------
        D:1 |      88 |       0 |   0.0 |      24 |       0 |   0.0
        D:2 |      23 |       0 |   0.0 |      14 |       0 |   0.0
        D:3 |      51 |       0 |   0.0 |      22 |       0 |   0.0
        D:4 |     304 |       0 |   0.0 |      13 |       0 |   0.0
        D:5 |     506 |      50 |   9.0 |      24 |       5 |  17.2
        D:6 |     522 |       2 |   0.4 |      12 |       1 |   7.7
        D:7 |     250 |     660 |  72.5 |       6 |       2 |  25.0
        D:8 |     927 |     779 |  45.7 |       9 |       2 |  18.2
        D:9 |    2135 |    1847 |  46.4 |      30 |      21 |  41.2
       D:10 |    2440 |       0 |   0.0 |      26 |       0 |   0.0
       D:11 |    5534 |       0 |   0.0 |      35 |       0 |   0.0
       D:12 |    4686 |     760 |  14.0 |      34 |      12 |  26.1
       D:13 |    9633 |       0 |   0.0 |      30 |       0 |   0.0
       D:14 |   11459 |    2363 |  17.1 |      27 |       7 |  20.6
       D:15 |   14678 |    5839 |  28.5 |      39 |      15 |  27.8
     Lair:1 |    3988 |    1124 |  22.0 |      16 |       2 |  11.1
     Lair:2 |    2797 |       0 |   0.0 |      11 |       0 |   0.0
     Lair:3 |    5297 |    1329 |  20.1 |      17 |       6 |  26.1
     Lair:4 |    5826 |    3699 |  38.8 |      23 |       8 |  25.8
     Lair:5 |    7911 |    6459 |  44.9 |      28 |       9 |  24.3
     Lair:6 |   11714 |   13875 |  54.2 |      39 |      58 |  59.8
    Swamp:1 |    6592 |    4959 |  42.9 |      21 |       2 |   8.7
    Swamp:2 |   11963 |       0 |   0.0 |      22 |       0 |   0.0
    Swamp:3 |   10732 |    9122 |  45.9 |      15 |       2 |  11.8
    Swamp:4 |    8495 |    8444 |  49.8 |      21 |      30 |  58.8
   Spider:1 |   24326 |       0 |   0.0 |      71 |       0 |   0.0
   Spider:2 |   18747 |       0 |   0.0 |      55 |       0 |   0.0
   Spider:3 |   20247 |    4914 |  19.5 |      56 |       5 |   8.2
   Spider:4 |   19857 |   30515 |  60.6 |      51 |      53 |  51.0
    Slime:1 |   14579 |       0 |   0.0 |      22 |       0 |   0.0
    Slime:2 |   12833 |       0 |   0.0 |      36 |       0 |   0.0
    Slime:3 |    1488 |    1035 |  41.0 |       5 |       3 |  37.5
    Slime:4 |   11402 |       0 |   0.0 |      22 |       0 |   0.0
    Slime:5 |    5958 |   33541 |  84.9 |      17 |      15 |  46.9
      Orc:1 |    7012 |       0 |   0.0 |      40 |       0 |   0.0
      Orc:2 |    2239 |    6975 |  75.7 |      21 |      33 |  61.1
      Elf:1 |   12161 |    7521 |  38.2 |      20 |      12 |  37.5
      Elf:2 |   14312 |   25240 |  63.8 |      22 |      30 |  57.7
      Elf:3 |   15649 |   59034 |  79.0 |      24 |      50 |  67.6
   Vaults:1 |   16103 |   20386 |  55.9 |      32 |      26 |  44.8
   Vaults:2 |   12969 |    2119 |  14.0 |      26 |       4 |  13.3
   Vaults:3 |   41846 |   18071 |  30.2 |      70 |      37 |  34.6
   Vaults:4 |   30789 |   24963 |  44.8 |      44 |      37 |  45.7
   Vaults:5 |   12929 |  140298 |  91.6 |      19 |      92 |  82.9
    Crypt:1 |   40415 |    8272 |  17.0 |      58 |       7 |  10.8
    Crypt:2 |   19911 |    1268 |   6.0 |      31 |       1 |   3.1
    Crypt:3 |   48375 |   69564 |  59.0 |      51 |      73 |  58.9
   Depths:1 |   40283 |    6344 |  13.6 |      62 |       5 |   7.5
   Depths:2 |   48776 |   90184 |  64.9 |      67 |      70 |  51.1
   Depths:3 |   62766 |  120176 |  65.7 |      72 |      96 |  57.1
   Depths:4 |   29593 |   22912 |  43.6 |      40 |      19 |  32.2
   Depths:5 |   68624 |   29673 |  30.2 |      69 |      38 |  35.5
      Zot:1 |   28498 |    6877 |  19.4 |      19 |       1 |   5.0
      Zot:2 |   53405 |       0 |   0.0 |      32 |       0 |   0.0
      Zot:3 |   43599 |       0 |   0.0 |      29 |       0 |   0.0
      Zot:4 |   42307 |       0 |   0.0 |      28 |       0 |   0.0
      Zot:5 |   18585 |    8647 |  31.8 |      11 |       3 |  21.4
      Zig:1 |    5047 |       0 |   0.0 |       1 |       0 |   0.0
      Zig:2 |    3252 |       0 |   0.0 |       6 |       0 |   0.0
      Zig:3 |    7118 |       0 |   0.0 |      12 |       0 |   0.0
      Zig:4 |    4170 |       0 |   0.0 |       5 |       0 |   0.0
      Zig:5 |   11066 |       0 |   0.0 |       5 |       0 |   0.0
      Zig:6 |    1667 |       0 |   0.0 |       6 |       0 |   0.0
 Desolation |       0 |   46111 | 100.0 |       0 |      84 | 100.0
   Gauntlet |       0 |    3740 | 100.0 |       0 |       9 | 100.0
            +---------+---------+-------+---------+---------+-------
